AoeStats
← gokulsurya003

Arena

510356808Analyzed
4v4 RM · 2d ago on Sep 30, 2026· 41m 17s· 8 players
Game mode
Random Map
Map size
Large (8 player)
Population
200
Speed
Normal
Resources
Standard
Victory
Conquest
Starting age
Dark Age
Ending age
Imperial Age
RankedLock teamsTeams togetherTeam positionsShared explorationLock speedFull tech treeHidden civsTurbo modeCheats
Victory
Defeat
🇦🇷 Celts · Argentina
869
+12
🇨🇱 Khmer · Chile
868
+12
🇨🇳 Gurjaras · China
864
+12
🇮🇳 Byzantines · India
718
+17
🇸🇪 Persians · Sweden
797
-14
🇫🇷 Bohemians · France
782
-14
🇩🇪 Saracens · Germany
766
-13
🇮🇹 Khmer · Italy
732
-12
LOLLYCT 85
10:04 Feudal Age
15:44 Castle Age
24:52 Horse Collar
25:43 Loom
26:59 Double-Bit Axe
28:08 Bow Saw
28:40 Wheelbarrow
28:17 Heavy Plow
28:14 Gold Mining
29:51 Hand Cart
30:23 Gold Shaft Mining
33:25 Imperial Age
32:41 Husbandry
32:52 Bloodlines
32:03 Light Cavalry
33:50 Scale Barding Armor
33:56 Forging
36:25 Conscription
36:06 Double Crossbow
36:48 Hussar
Nostro
13:20 Feudal Age
18:31 Castle Age
16:45 Double-Bit Axe
16:48 Horse Collar
21:43 Chemistry
25:40 Heavy Plow
25:52 Bow Saw
31:05 Imperial Age
29:38 Wheelbarrow
28:49 Town Watch
31:16 Fletching
31:29 Padded Archer Armor
33:05 Conscription
33:42 Hand Cart
33:14 Town Watch
34:36 Houfnice
35:37 Leather Archer Armor
Mr:YOX
11:31 Feudal Age
12:41 Wheelbarrow
16:11 Gold Mining
17:38 Stone Mining
20:01 Castle Age
17:50 Double-Bit Axe
17:55 Horse Collar
18:13 Fletching
20:35 Bodkin Arrow
24:24 Forging
24:19 Scale Barding Armor
26:15 Iron Casting
26:10 Chain Barding Armor
26:30 Husbandry
26:41 Bloodlines
Tha_JB
3:24 Loom
13:02 Feudal Age
13:34 Double-Bit Axe
14:26 Wheelbarrow
13:37 Town Watch
14:53 Horse Collar
16:23 Gold Mining
19:23 Stone Mining
24:06 Castle Age
23:39 Forging
24:28 Scale Barding Armor
24:58 Bow Saw
25:15 Town Patrol
25:24 Heavy Plow
27:07 Gold Shaft Mining
28:05 Chain Barding Armor
28:33 Bloodlines
28:23 Husbandry
30:05 Iron Casting
30:11 Hand Cart
36:12 Scale Mail Armor
36:04 Fletching
38:47 Imperial Age
40:39 Two-Man Saw
40:02 Ballistics
39:38 Murder Holes
39:53 Fortified Wall
39:49 Siege Engineers
40:12 Conscription
39:27 Elite Skirmisher
40:15 Elite Mameluke
flowfranking22
1:23 Loom
10:22 Feudal Age
11:57 Double-Bit Axe
14:17 Horse Collar
16:18 Wheelbarrow
19:21 Castle Age
18:35 Gold Mining
18:35 Stone Mining
21:35 Hand Cart
21:32 Bow Saw
21:24 Heavy Plow
27:04 Imperial Age
24:27 Town Watch
26:26 Ballistics
29:09 Crop Rotation
29:46 Fletching
29:56 Padded Archer Armor
31:43 Tusk Swords
31:28 Light Cavalry
32:18 Bloodlines
36:13 Conscription
37:12 Town Patrol
37:21 Elite Ballista Elephant
39:57 Gold Shaft Mining
39:57 Stone Shaft Mining
40:35 Chemistry
40:57 Double Crossbow
41:18 Bodkin Arrow
41:38 Leather Archer Armor
41:18 Bodkin Arrow
Producto.Machete
10:59 Feudal Age
11:41 Double-Bit Axe
15:03 Castle Age
13:15 Horse Collar
16:51 Bow Saw
19:06 Loom
21:52 Heavy Plow
23:05 Fervor
24:01 Sanctity
24:17 Gold Mining
25:46 Wheelbarrow
25:04 Fletching
25:25 Stone Mining
27:03 Hand Cart
27:35 Stone Shaft Mining
28:22 Ballistics
28:52 Gold Shaft Mining
29:23 Scale Mail Armor
29:34 Forging
29:50 Murder Holes
31:29 Bodkin Arrow
31:52 Chain Mail Armor
32:15 Iron Casting
34:14 Imperial Age
31:53 Town Watch
33:29 Stronghold
34:19 Heavy Scorpion
35:07 Siege Engineers
34:25 Capped Ram
35:20 Siege Ram
36:23 Conscription
36:18 Furor Celtica
36:26 Town Patrol
37:05 Fortified Wall
37:57 Elite Woad Raider
39:13 Hoardings
40:16 Coinage
40:48 Chemistry
gokulsurya003
0:54 Loom
11:35 Feudal Age
15:00 Double-Bit Axe
16:49 Forging
17:10 Horse Collar
23:08 Castle Age
25:16 Husbandry
25:11 Fletching
25:21 Padded Archer Armor
29:01 Wheelbarrow
36:46 Stone Mining
36:47 Gold Mining
43:09 Imperial Age
40:54 Hand Cart
41:06 Hand Cart
69279406
11:23 Feudal Age
16:55 Castle Age
15:52 Horse Collar
16:03 Double-Bit Axe
16:41 Gold Mining
24:01 Treadmill Crane
25:14 Fortified Wall
26:23 Masonry
28:43 Murder Holes
33:36 Imperial Age
31:43 Wheelbarrow
35:45 Chemistry
37:23 Conscription
38:21 Scale Mail Armor
38:31 Forging
38:12 Fletching
38:28 Scale Barding Armor
38:24 Padded Archer Armor
Connection lost

Rejoining the realm…

Still unreachable

The connection could not be restored.

Session expired

The server has moved on; the page needs a fresh start.